Map: Royal Blood LE

Players

Krill

  • Race: Protoss Protoss
  • Spawn Location: 7:00

Ronin - Winner!

  • Race: Zerg Zerg
  • Spawn Location: 1:00

VOD

Have the link to the VOD?

Description

Time

  • Played on: Aug. 12, 2023, 4:02 a.m.
  • Length: 17:58
Show
View Real Time Build Order
Export as new Build Order

Krill Protoss 

Build Orders: 1 Gate Expand, Oracle Opening 

Get SALT Encoding   

  12  0:00  Probe  
  13  0:12  Probe  
  14  0:17  Pylon  
  14  0:24  Probe (Chrono Boost)  
  15  0:36  Probe (Chrono Boost)  
  15  0:40  Gateway  
  16  0:45  Probe (Chrono Boost)  
  16  0:49  Assimilator  
  17  0:51  Probe  
  18  1:03  Probe  
  19  1:15  Probe  
  20  1:26  Nexus  
  20  1:38  Cybernetics Core  
  20  1:41  Probe  
  20  1:46  Assimilator  
  21  1:54  Probe  
  22  1:56  Pylon  
  22  2:06  Probe  
  23  2:13  Adept (Chrono Boost)  
  23  2:18  Probe  
  23  2:22  Stargate  
  26  2:28  Warp Gate  
  26  2:30  Probe  
  27  2:38  Adept  
  27  2:40  Probe  
  27  2:42  Probe  
  31  2:52  Probe  
  31  2:54  Probe  
  33  3:05  Probe  
  34  3:06  Oracle (Chrono Boost), Probe  
  34  3:08  Stalker  
  40  3:15  Pylon  
  40  3:17  Probe  
  40  3:18  Probe  
  42  3:29  Probe  
  42  3:30  Probe  
  44  3:42  Probe  
  44  3:46  Nexus  
  45  3:49  Pylon  
  45  3:53  Probe  
  45  3:54  Oracle (Chrono Boost), Probe  
  50  4:03  Assimilator  
  50  4:05  Probe  
  50  4:06  Assimilator  
  50  4:07  Probe  
  52  4:16  Shield Battery  
  52  4:17  Probe  
  52  4:19  Oracle (Chrono Boost), Probe  
  57  4:27  Pylon  
  57  4:29  Probe  
  57  4:30  Adept  
  60  4:32  Probe  
  61  4:41  Probe  
  61  4:43  Twilight Council  
  62  4:45  Probe  
  62  4:51  Pylon  
  63  4:53  Probe  
  63  4:57  Probe  
  65  5:01  Stalker, Probe  
  65  5:05  Probe  
  65  5:06  Forge  
  69  5:10  Probe, Gateway  
  69  5:12  Shield Battery  
  69  5:14  Probe, Gateway  
  71  5:18  Probe  
  71  5:20  Blink (Chrono Boost)  
  72  5:22  Probe  
  72  5:26  Probe  
  72  5:27  Gateway, Protoss Ground Weapons Level 1 (Chrono Boost)  
  74  5:30  Probe  
  74  5:34  Probe  
  76  5:36  Pylon  
  76  5:38  Stalker, Probe  
  76  5:42  Probe  
  80  5:46  Probe  
  81  5:50  Probe  
  81  5:55  Probe  
  83  5:58  Probe  
  83  6:02  Probe, Robotics Facility  
  83  6:03  Pylon  
  85  6:05  Stalker, Assimilator  
  85  6:06  Stalker  
  85  6:07  Probe  
  85  6:11  Probe  
  91  6:14  Probe, Pylon  
  91  6:17  Stalker  
  94  6:19  Probe  
  94  6:23  Probe, Gateway  
  94  6:24  Stalker  
  94  6:25  Gateway  
  98  6:30  Probe  
  98  6:31  Probe  
  100  6:33  Assimilator  
  100  6:35  Gateway  
  100  6:37  Stalker  
  100  6:39  Stalker  
  104  6:47  Probe x3  
  104  6:52  Stalker x2, Gateway  
  104  6:53  Photon Cannon  
  111  7:01  Warp Prism (Chrono Boost)  
  111  7:04  Robotics Bay  
  111  7:06  Stalker x2  
  117  7:10  Pylon  
  117  7:12  Pylon  
  117  7:22  Pylon  
  117  7:23  Pylon  
  117  7:27  Protoss Ground Weapons Level 2 (Chrono Boost)  
  117  7:28  Stalker x4  
  125  7:39  Stalker x3  
  131  7:55  Stalker  
  133  8:02  Observer  
  126  8:08  Stalker x7  
  132  8:29  Observer (Chrono Boost)  
  132  8:30  Stalker  
  135  8:35  Stalker x5  
  135  8:37  Stalker x2  
  131  8:54  Stalker  
  113  8:58  Stalker x3  
  113  8:59  Stalker x2  
  113  9:01  Zealot x2  
  106  9:10  Observer  
  96  9:18  Zealot  
  96  9:21  Zealot x5  
  96  9:22  Zealot x2  
  112  9:24  Colossus (Chrono Boost)  
  112  9:29  Observer  
  118  9:35  Nexus  
  118  9:36  Pylon  
  118  9:39  Pylon  
  118  9:40  Zealot  
  118  9:41  Pylon  
  118  9:43  Stalker x3  
  118  9:44  Stalker x4  
  106  10:01  Stalker  
  106  10:04  Protoss Ground Weapons Level 3 (Chrono Boost)  
  98  10:08  Colossus (Chrono Boost)  
  98  10:13  Photon Cannon  
  104  10:16  Photon Cannon  
  104  10:17  Photon Cannon  
  104  10:18  Stalker x2  
  104  10:19  Photon Cannon  
  108  10:23  Templar Archives  
  108  10:27  Stalker x2  
  112  10:33  Shield Battery  
  112  10:39  Assimilator  
  112  10:40  Photon Cannon  
  112  10:41  Assimilator  
  112  10:44  Extended Thermal Lance (Chrono Boost)  
  112  10:50  Stalker x3  
  112  10:51  Colossus (Chrono Boost)  
  112  10:53  Probe  
  112  10:54  Probe x2  
  123  11:10  Observer  
  123  11:11  Charge (Chrono Boost)  
  121  11:12  Stalker x5  
  121  11:13  High Templar x3  
  137  11:18  Archon  
  137  11:31  Shield Battery  
  137  11:35  Stalker x5  
  137  11:38  Gateway  
  147  11:40  Gateway  
  147  11:43  Gateway  
  147  11:46  High Templar, Gateway  
  149  11:48  High Templar  
  149  11:50  Zealot  
  149  11:53  Archon  
  153  11:54  Warp Prism (Chrono Boost)  
  155  12:05  Probe x4  
  159  12:14  High Templar x2, Zealot, Nexus  
  159  12:15  Zealot x3  
  171  12:16  Pylon  
  171  12:17  Probe x4  
  171  12:20  Archon  
  175  12:27  Pylon  
  175  12:28  High Templar x2  
  179  12:30  Pylon  
  179  12:32  Archon  
  179  12:39  Zealot x4  
  179  12:40  Zealot x3  
  181  13:09  Observer (Chrono Boost)  
  181  13:12  Zealot x11  
  195  13:17  Dark Shrine  
  197  13:29  Protoss Ground Armor Level 1 (Chrono Boost), Gravitic Boosters (Chrono Boost)  
  197  13:31  Observer (Chrono Boost)  
  182  13:40  High Templar  
  182  13:41  High Templar x6  
  188  13:45  Probe x3  
  193  13:54  Photon Cannon  
  193  13:56  Archon x2, Photon Cannon  
  193  13:57  Archon  
  193  13:58  Photon Cannon  
  193  14:00  Observer (Chrono Boost), Photon Cannon  
  193  14:02  Photon Cannon  
  194  14:04  Photon Cannon  
  194  14:06  Zealot, Photon Cannon  
  194  14:07  Zealot x2, Photon Cannon  
  200  14:12  Assimilator  
  200  14:16  Assimilator  
  200  14:17  Gateway x2  
  200  14:19  Gateway  
  200  14:30  Gateway x2  
  200  14:36  Psionic Storm  
  200  14:47  Forge  
  182  15:04  Zealot x10  
  182  15:05  Zealot x2  
  185  15:25  Colossus (Chrono Boost)  
  161  15:33  Zealot x4  
  169  15:37  High Templar x10  
  169  15:38  High Templar x3  
  169  15:41  Archon x6  
  195  15:53  Stalker x2  
  199  16:07  Nexus  
  199  16:09  Pylon  
  154  16:38  Zealot x5  
  154  16:39  Zealot x6  
  140  16:40  Zealot x4  
  135  16:48  Cybernetics Core  
  94  17:03  Zealot x6  
  94  17:04  Zealot x8  
  107  17:13  Observer x2  
  57  17:24  Stalker x2  
  57  17:25  Stalker x7  
  57  17:26  Stalker  
  67  17:53  Adept x5  
Show
View Real Time Build Order
Export as new Build Order

Ronin Zerg - Winner!

Build Orders: Hatch First, Lurkers 

Get SALT Encoding   

  12  0:02  Drone  
  13  0:13  Overlord  
  13  0:17  Drone  
  14  0:22  Extractor  
  14  0:23  Drone  
  15  0:59  Hatchery  
  14  1:06  Drone x3  
  17  1:16  Spawning Pool  
  16  1:22  Drone  
  16  1:24  Extractor  
  16  1:29  Drone  
  17  1:43  Overlord  
  17  1:49  Drone  
  18  2:00  Drone  
  19  2:03  Queen  
  21  2:11  Drone  
  22  2:17  Queen  
  22  2:18  Drone  
  25  2:23  Drone x2  
  27  2:31  Metabolic Boost  
  27  2:32  Drone  
  27  2:36  Zergling x2  
  29  2:50  Overlord  
  29  2:52  Hatchery  
  29  2:54  Zergling x2  
  29  2:58  Queen  
  29  3:04  Drone  
  29  3:05  Drone x2  
  34  3:12  Overlord  
  34  3:14  Drone x2  
  36  3:27  Drone  
  36  3:28  Drone x3  
  36  3:32  Spore Crawler  
  39  3:37  Spore Crawler  
  38  3:52  Zergling x2  
  39  3:57  Drone x9  
  48  4:03  Drone, Lair  
  48  4:05  Drone  
  48  4:07  Overlord  
  50  4:17  Overlord  
  50  4:20  Extractor  
  50  4:21  Extractor, Drone  
  50  4:22  Drone  
  50  4:23  Roach Warren  
  49  4:31  Drone x3  
  51  4:40  Queen  
  51  4:41  Spore Crawler  
  52  4:49  Drone  
  52  4:50  Drone  
  54  4:54  Drone x2  
  54  4:59  Drone, Spore Crawler  
  54  5:00  Drone x6  
  57  5:07  Queen  
  57  5:08  Drone  
  57  5:13  Spore Crawler  
  59  5:15  Evolution Chamber, Extractor  
  59  5:16  Drone, Hydralisk Den  
  59  5:17  Drone x5  
  60  5:22  Drone  
  60  5:23  Drone x3  
  64  5:29  Drone x2  
  66  5:38  Overlord  
  66  5:39  Overlord  
  66  5:41  Drone x2  
  68  5:43  Zerg Missile Weapons Level 1  
  68  5:44  Glial Reconstitution  
  67  5:56  Drone  
  68  5:59  Grooved Spines  
  68  6:01  Drone  
  68  6:02  Drone x10  
  79  6:04  Extractor  
  79  6:05  Extractor  
  77  6:17  Overlord x2  
  77  6:18  Overlord x4  
  77  6:31  Hydralisk x2  
  81  6:33  Hatchery  
  81  6:37  Hydralisk x4  
  88  6:49  Hydralisk  
  88  6:50  Hydralisk x5  
  100  6:59  Hydralisk  
  100  7:00  Hydralisk x3  
  106  7:03  Overseer  
  106  7:10  Drone  
  106  7:11  Muscular Augments  
  106  7:15  Hydralisk x4  
  109  7:21  Hatchery  
  114  7:26  Infestation Pit  
  114  7:29  Hatchery, Queen  
  112  7:30  Drone  
  112  7:32  Hydralisk  
  112  7:33  Hydralisk x2, Zergling x2  
  112  7:34  Zergling x6  
  125  7:39  Zerg Melee Weapons Level 1  
  125  7:45  Pneumatized Carapace  
  123  7:56  Hydralisk  
  123  7:57  Hydralisk x3  
  111  8:09  Hydralisk  
  111  8:10  Hydralisk x4  
  119  8:12  Zergling x2  
  119  8:13  Zergling x4  
  119  8:14  Overlord  
  119  8:15  Overlord x4  
  121  8:22  Overlord  
  120  8:37  Zergling x14  
  125  8:45  Zergling x2  
  111  8:53  Zergling x4  
  111  8:54  Zergling x6  
  111  8:55  Zergling x14  
  111  9:01  Zergling x2  
  111  9:02  Zergling x2  
  100  9:07  Zergling x2  
  100  9:08  Zergling x4  
  100  9:09  Hydralisk  
  97  9:16  Zergling x4  
  92  9:20  Queen  
  92  9:21  Queen  
  92  9:22  Hydralisk x5  
  92  9:24  Queen  
  106  9:27  Hydralisk x2  
  112  9:32  Hydralisk  
  112  9:36  Hatchery  
  97  9:45  Hydralisk  
  97  9:46  Hydralisk x5  
  104  9:55  Zergling x8  
  106  10:06  Zergling x2  
  103  10:07  Zergling x8  
  103  10:11  Drone x2  
  105  10:19  Zerg Melee Weapons Level 2  
  105  10:23  Evolution Chamber  
  105  10:24  Hive  
  105  10:25  Drone  
  105  10:26  Drone x6  
  111  10:36  Zergling x2  
  111  10:37  Zergling x6  
  115  10:49  Hydralisk x5, Lurker Den  
  116  10:50  Hydralisk x7  
  119  11:09  Hydralisk x9  
  130  11:14  Drone  
  130  11:15  Drone x3  
  134  11:41  Zergling x4  
  134  11:42  Zergling x20  
  134  11:46  Lurker x3  
  134  11:47  Lurker x3  
  150  11:48  Lurker  
  150  11:49  Lurker  
  150  11:50  Lurker  
  150  11:51  Lurker x3  
  158  11:58  Extractor, Drone x3  
  160  12:02  Spine Crawler, Drone, Spore Crawler  
  160  12:03  Spine Crawler x2, Drone x3  
  160  12:05  Spine Crawler  
  160  12:06  Spine Crawler  
  160  12:08  Viper  
  161  12:13  Zerg Ground Armor Level 1  
  161  12:21  Viper  
  164  12:31  Drone x3  
  164  12:32  Spine Crawler, Extractor  
  165  12:45  Overseer x2  
  165  12:50  Overseer  
  165  12:55  Drone x3  
  141  13:13  Seismic Spines, Extractor  
  141  13:15  Drone x5  
  145  13:21  Queen  
  145  13:22  Drone x4  
  148  13:41  Viper x3, Hatchery  
  148  13:42  Viper x2  
  148  13:47  Drone x3  
  165  13:51  Overlord x4  
  165  13:52  Overlord  
  165  14:02  Hydralisk x5  
  175  14:10  Adaptive Talons  
  175  14:17  Zerg Ground Armor Level 2  
  175  14:18  Zerg Missile Weapons Level 2  
  175  14:27  Spine Crawler  
  175  14:31  Spine Crawler  
  171  14:44  Hydralisk  
  171  14:45  Hydralisk x8  
  161  15:05  Hydralisk x6  
  161  15:06  Hydralisk  
  165  15:15  Lurker  
  165  15:16  Lurker  
  155  15:29  Zergling x2  
  155  15:30  Zergling x20  
  166  15:44  Hatchery  
  165  15:55  Hatchery  
  164  15:58  Zergling x2  
  164  15:59  Zergling x2  
  118  16:44  Roach  
  118  16:45  Roach x8  
  114  17:02  Roach x2  
  114  17:04  Roach x2  
  114  17:05  Roach  
  124  17:09  Drone  
Tags
 
Add a new tag
Caveats
  • Supply blocks, unpowered buildings, or Contaminate may cause inaccurate times.
  • Supply counts are checked every 10 seconds.